 Dungeon Crawl Stone Soup version 0.20-a0-495-g2241292 (webtiles) character file.

34 Duffy the Insei (level 3, -2/23 HPs)
             Began as an Octopode Transmuter on Jan 18, 2017.
             Killed by divine providence
             ... invoked by an orc priest
              (14 damage)
             ... on level 4 of the Dungeon.
             The game lasted 00:02:12 (1193 turns).

Duffy the Insei (Octopode Transmuter)               Turns: 1193, Time: 00:02:13

Health: -2/23      AC:  2    Str: 13    XL:     3   Next: 31%
Magic:  12/15      EV: 19    Int: 15    God:
Gold:   38         SH:  0    Dex: 17    Spells: 0/6 levels left

rFire    . . .     SeeInvis .     - Unarmed
rCold    . . .     Gourm    .   (shield currently unavailable)
rNeg     . . .     Faith    .   (helmet currently unavailable)
rPois    x         Spirit   .   (no amulet)
rElec    .         Reflect  .   i - ring of magical power
rCorr    .         Harm     .   k - +3 ring of strength
MR       .....                  (no ring)
Stlth    ++........             (no ring)
Regen    0.1/turn               (no ring)
                                (no ring)
                                (no ring)
                                (no ring)

@: spider-form (expiring), very slightly contaminated
A: almost no armour, stealthy swim, (amphibious), 8 rings, (constrict 8),
(camouflage 0), (gelatinous body 0)
a: End Transformation


You were on level 4 of the Dungeon.
You were not hungry.
You were a venomous arachnid creature.
You visited 1 branch of the dungeon, and saw 4 of its levels.

You collected 38 gold pieces.

Inventory:

Missiles
 a - 12 arrows
Jewellery
 i - a ring of magical power (left front leg)
 k - a +3 ring of strength (right front leg)
Wands
 l - a wand of scattershot (3/9)
Scrolls
 f - 2 scrolls of identify {unknown}
 j - a scroll of remove curse {unknown}
 m - a scroll of enchant weapon {unknown}
Potions
 d - a potion of heal wounds {unknown}
 e - a potion of agility {unknown}
Books
 b - a book of Changes

   Spells                             Type                      Level
   a - Beastly Appendage              Transmutation                1
   b - Sticks to Snakes               Transmutation                2
   c - Spider Form                    Transmutation/Poison         3
   d - Ice Form                       Ice/Transmutation            4
   e - Blade Hands                    Transmutation                5
Comestibles
 c - a bread ration
 g - 2 chunks of flesh
 h - a meat ration


   Skills:
 - Level 1.0 Fighting
 - Level 2.0 Dodging
 + Level 4.2 Unarmed Combat
 - Level 2.0 Spellcasting
 - Level 2.0 Transmutations
 + Level 0.2 Poison Magic


You couldn't memorise any spells.
You knew the following spells:

 Your Spells              Type           Power        Failure   Level  Hunger
a - Spider Form           Tmut/Pois      #.........   65%         3    ###....
b - Sticks to Snakes      Tmut           #.......     32%         2    ###....
c - Beastly Appendage     Tmut           #.....       28%         1    #......


Dungeon Overview and Level Annotations

Branches:
Dungeon (4/15)
 Temple: D:4-7

Altars:


Innate Abilities, Weirdness & Mutations

You cannot wear most types of armour.
You are very stealthy in the water. (Stealth+)
((You are amphibious.))
You can wear up to eight rings at the same time.
((You can use your tentacles to constrict eight enemies at once.))
((Your skin changes colour to match your surroundings (Stealth+).))
((Your rubbery body absorbs attacks. (AC +1, EV +1)))


Message History

The orc barely misses you.
You hit the orc.
The orc is poisoned.
The orc is severely wounded.
You kill the orc!
Your transformation is almost over.
The orc priest closely misses you.
You see here a hand axe of draining.
You hit the orc priest.
The orc priest is poisoned.
The orc priest is moderately wounded.
The orc priest misses you.
You completely miss the orc priest.
The orc priest is moderately wounded.
The orc priest barely misses you.
You hit the orc priest.
The orc priest looks as sick as possible!
The orc priest is heavily wounded.
The orc priest invokes the aid of Beogh against you.
Beogh smites you!
Ouch! That really hurt!
You die...

##.#.o.#..#..#.....
#..#..###...###....
#.##...#..#..#.....
#.##.#.....#.....##
#.##.#####......###
#.##.# ########
#.#..# #.#.## #.so#
#..## #..# #.## ..#
...# #...# ....


You could see an orc priest.

Vanquished Creatures
  An adder (D:3)
  An ooze (D:2)
  A worm (D:2)
  An orc (D:4)
  5 goblins (D:2)
  2 hobgoblins (D:2)
  2 bats (D:2)
  2 frilled lizards (D:2)
  A kobold (D:3)
  5 rats
21 creatures vanquished.

Notes
Turn   | Place    | Note
-------+----------+-------------------------------------------
     0 | D:1      | Duffy the Octopode Transmuter began the quest for the Orb.
     0 | D:1      | Reached XP level 1. HP: 13/13 MP: 3/3
   517 | D:2      | Reached XP level 2. HP: 18/18 MP: 5/5
   528 | D:2      | Learned a level 2 spell: Sticks to Snakes
   979 | D:2      | Reached skill level 4 in Unarmed Combat
  1041 | D:3      | Reached XP level 3. HP: 23/23 MP: 6/6
  1046 | D:3      | Learned a level 3 spell: Spider Form
  1193 | D:4      | Killed from afar by an orc priest

Vault maps used:
D:1:      tarquinn_simple_flora_water_e
D:3:      kb_forest_paths, old_standard_altar, first_bread, uniq_iyjb,
          uniq_natasha, uniq_sigmund
D:4:      serial_shops, shop_fountains, serial_glass, glass_columns_a,
          glass_columns_a, feat_on_display, minmay_strange_pillars,
          minmay_strange_pillars, minmay_cupped

Skill      XL: |  1  2 |
---------------+-------+-----
Unarmed Combat | 4 |  4.2
Fighting       | |  1.0
Dodging        | |  2.0
Spellcasting   | |  2.0
Transmutations | |  2.0
Poison Magic   | |  0.2

Action                   || total
-------------------------++-------
Melee: Unarmed           ||    48
       Constrict         ||    12
       Tentacles         ||     9
       Punch             ||     1
 Cast: Spider Form       ||     1
 Stab: Sleeping          ||     3
  Eat: Chunk             ||     1
Armor: Skin              ||     2
Dodge: Dodged            ||    26
